TOP OF THE 1ST |
St. Petersburg Thunder batting - Pitching for Virginia Beach Whales : LHP Mark Taylor
|
Pitching: LHP Mark Taylor
|
|
Batting: LHB Lorenzo Ortíz
|
0-0: Called Strike 0-1: Ground out U3 (Groundball, 3, EV 85.6 MPH)
|
Batting: SHB Leonard Davis
|
0-0: Called Strike 0-1: TRIPLE (Flyball, 89XD, EV 93.8 MPH)
|
Batting: RHB Gene Blanton
|
0-0: Swinging Strike 0-1: SINGLE (Groundball, 6MD, EV 95.6 MPH) Leonard Davis scores
|
Batting: RHB Patrício Gerardes
|
0-0: Called Strike 0-1: Foul Ball, location: 2F 0-2: Strikes out swinging
|
Batting: RHB Curtis Tiger
|
0-0: Ball 1-0: Foul Ball, location: 2F 1-1: Called Strike 1-2: Foul Ball, location: 2F 1-2: Ball 2-2: SINGLE (Groundball, 25, EV 68.1 MPH) (infield hit) Gene Blanton to second
|
Batting: LHB Caspar Fewings
|
0-0: Swinging Strike 0-1: Called Strike 0-2: Ball 1-2: Ball 2-2: Ball 3-2: SINGLE (Groundball, 3D, EV 95.6 MPH) Gene Blanton to third Curtis Tiger to second Gene Blanton scores Curtis Tiger to third
|
Batting: SHB Fernando Urby
|
0-0: Ball 1-0: Ball 2-0: Ball 3-0: Base on Balls Caspar Fewings to second
|
Batting: RHB David Filmer
|
0-0: Ball 1-0: Called Strike 1-1: Ball 2-1: Fielders Choice at 2nd, 5-4 (Groundball, 56, EV 100.6 MPH)
|
Top of the 1st over - 2 runs, 4 hits, 0 errors, 3 left on base; St. Petersburg 2 - Virginia Beach 0 |
BOTTOM OF THE 1ST |
Virginia Beach Whales batting - Pitching for St. Petersburg Thunder : RHP Héctor Marroquín
|
Pitching: RHP Héctor Marroquín
|
|
Batting: RHB Jessie Gibbs
|
0-0: Foul Ball, location: 2F 0-1: Called Strike 0-2: Ball 1-2: Strikes out looking
|
Batting: RHB Daniel MacKinder
|
0-0: Ball 1-0: Called Strike 1-1: Foul Ball, location: 2F 1-2: Ground out 6-3 (Groundball, 6S, EV 94.4 MPH)
|
Batting: RHB Óscar Cardozo
|
0-0: Called Strike 0-1: Ball 1-1: Hit by Pitch
|
Batting: RHB Todd Walker
|
0-0: Swinging Strike 0-1: Ball 1-1: Called Strike 1-2: Foul Ball, location: 2F 1-2: Reached on error, E5 (Groundball, 56S, EV 93.8 MPH) Óscar Cardozo to second
|
Batting: RHB Paul Pitts
|
0-0: Foul Ball, location: 2F 0-1: Ball 1-1: Ball 2-1: Foul Ball, location: 2F 2-2: SINGLE (Groundball, 6MD, EV 96.2 MPH) Óscar Cardozo to third Todd Walker to second Runner from 3rd tries for Home, SAFE, no throw by CF
|
Batting: LHB Asberry Harpending
|
0-0: Ball 1-0: Swinging Strike 1-1: Foul Ball, location: 2F 1-2: Ball 2-2: 3-RUN HOME RUN (Flyball, 89XD, EV 107.5 MPH), Distance : 403 ft
|
Batting: RHB Juan Oleastro
|
0-0: Fly out, F6 (Popup, 4MS, EV 75.0 MPH)
|
Bottom of the 1st over - 4 runs, 2 hits, 1 error, 0 left on base; St. Petersburg 2 - Virginia Beach 4 |
TOP OF THE 2ND |
St. Petersburg Thunder batting - Pitching for Virginia Beach Whales : LHP Mark Taylor
|
Batting: RHB Jim Rigsby
|
0-0: Ground out 5-3 (Groundball, 5, EV 80.0 MPH)
|
Batting: LHB Lorenzo Ortíz
|
0-0: Foul Ball, location: 2F 0-1: Ball 1-1: Ground out 2-3 (Groundball, 2R, EV 72.5 MPH)
|
Batting: SHB Leonard Davis
|
0-0: Called Strike 0-1: SINGLE (Groundball, 6MD, EV 97.5 MPH)
|
Batting: RHB Gene Blanton
|
0-0: Ball 1-0: Ball 2-0: Called Strike 2-1: Ball 3-1: Base on Balls Leonard Davis to second
|
Batting: RHB Patrício Gerardes
|
0-0: Ball 1-0: Ball 2-0: SINGLE (Flyball, 9LM, EV 98.1 MPH) Leonard Davis to third Gene Blanton to second Runner from 3rd tries for Home, SAFE, throw by RF to home
|
Batting: RHB Curtis Tiger
|
0-0: Foul Ball, location: 2F 0-1: Ball 1-1: Ball 2-1: Ball 3-1: Foul Ball, location: 2F 3-2: Fly out, F9 (Flyball, 89XD, EV 91.2 MPH)
|
Top of the 2nd over - 1 run, 2 hits, 0 errors, 2 left on base; St. Petersburg 3 - Virginia Beach 4 |
BOTTOM OF THE 2ND |
Virginia Beach Whales batting - Pitching for St. Petersburg Thunder : RHP Héctor Marroquín
|
Batting: RHB Roberto González
|
0-0: Swinging Strike 0-1: Fly out, F9 (Flyball, 9S, EV 78.1 MPH)
|
Batting: RHB Nick Harper
|
0-0: Ball 1-0: Foul Ball, location: 2F 1-1: Foul Ball, location: 2F 1-2: Foul Ball, location: 2F 1-2: Ball 2-2: Fly out, F8 (Flyball, 8LXD, EV 98.1 MPH)
|
Batting: RHB Jessie Gibbs
|
0-0: Ball 1-0: Ball 2-0: Ball 3-0: Base on Balls
|
Batting: RHB Daniel MacKinder
|
0-0: Ball 1-0: Fly out, F5 (Popup, 5SF, EV 87.5 MPH)
|
Bottom of the 2nd over - 0 runs, 0 hits, 0 errors, 1 left on base; St. Petersburg 3 - Virginia Beach 4 |
TOP OF THE 3RD |
St. Petersburg Thunder batting - Pitching for Virginia Beach Whales : LHP Mark Taylor
|
Batting: LHB Caspar Fewings
|
0-0: Ball 1-0: Foul Ball, location: 2F 1-1: Fly out, F8 (Flyball, 8LM, EV 82.5 MPH)
|
Batting: SHB Fernando Urby
|
0-0: Ground out 4-3 (Groundball, 4, EV 90.6 MPH)
|
Batting: RHB David Filmer
|
0-0: Foul Ball, location: 2F 0-1: Ball 1-1: Ball 2-1: Ball 3-1: Fly out, F6 (Popup, 6MS, EV 71.2 MPH)
|
Top of the 3rd over - 0 runs, 0 hits, 0 errors, 0 left on base; St. Petersburg 3 - Virginia Beach 4 |
BOTTOM OF THE 3RD |
Virginia Beach Whales batting - Pitching for St. Petersburg Thunder : RHP Héctor Marroquín
|
Batting: RHB Óscar Cardozo
|
0-0: Ball 1-0: SINGLE (Groundball, 56D, EV 100.0 MPH)
|
Batting: RHB Todd Walker
|
0-0: Ball 1-0: Swinging Strike 1-1: Ball 2-1: Fly out, F8 (Flyball, 78D, EV 104.4 MPH)
|
Batting: RHB Paul Pitts
|
0-0: Swinging Strike 0-1: Foul Ball, location: 2F 0-2: Foul Ball, location: 2F 0-2: Grounds into double play, 5-4-3 (Groundball, 56, EV 81.9 MPH)
|
Bottom of the 3rd over - 0 runs, 1 hit, 0 errors, 0 left on base; St. Petersburg 3 - Virginia Beach 4 |
TOP OF THE 4TH |
St. Petersburg Thunder batting - Pitching for Virginia Beach Whales : LHP Mark Taylor
|
Batting: RHB Jim Rigsby
|
0-0: Called Strike 0-1: Ball 1-1: Ball 2-1: Ball 3-1: Foul Ball, location: 2F 3-2: Foul Ball, location: 2F 3-2: Strikes out swinging
|
Batting: LHB Lorenzo Ortíz
|
0-0: Called Strike 0-1: Foul Ball, location: 2F 0-2: Ball 1-2: Ball 2-2: Ground out U3 (Groundball, 34, EV 88.8 MPH)
|
Batting: SHB Leonard Davis
|
0-0: Ball 1-0: Ball 2-0: Called Strike 2-1: Swinging Strike 2-2: Strikes out swinging
|
Top of the 4th over - 0 runs, 0 hits, 0 errors, 0 left on base; St. Petersburg 3 - Virginia Beach 4 |
BOTTOM OF THE 4TH |
Virginia Beach Whales batting - Pitching for St. Petersburg Thunder : RHP Héctor Marroquín
|
Batting: LHB Asberry Harpending
|
0-0: Called Strike 0-1: Ball 1-1: Single, Error in OF, E7, batter to second base (Groundball, 56D, EV 96.2 MPH)
|
Batting: RHB Juan Oleastro
|
0-0: Ball 1-0: Ground out 6-3 (Groundball, 6, EV 105.6 MPH)
|
Batting: RHB Roberto González
|
0-0: Ball 1-0: Swinging Strike 1-1: Ball 2-1: Reached on error, E5 (Groundball, 56, EV 96.9 MPH) Asberry Harpending to third
|
Batting: RHB Nick Harper
|
0-0: Called Strike 0-1: Foul Ball, location: 2F 0-2: Fly out, F9 (Flyball, 9D, EV 90.0 MPH) Runner from 3rd tags up, SCORES, no throw by RF
|
Batting: RHB Jessie Gibbs
|
0-0: Ball 1-0: Called Strike 1-1: Foul Ball, location: 2F 1-2: Foul Ball, location: 2F 1-2: Ball 2-2: Foul Ball, location: 2F 2-2: Ball 3-2: SINGLE (Flyball, 78S, EV 88.8 MPH) Roberto González to second Roberto González to third
|
Pitching: RHP Jyotibhasin Kodi
|
|
Batting: RHB Daniel MacKinder
|
0-0: Called Strike 0-1: SINGLE (Line Drive, 34D, EV 98.8 MPH) Roberto González scores Jessie Gibbs to second Runner from 2nd tries for 3rd, SAFE, throw by RF made to third
|
Batting: RHB Óscar Cardozo
|
0-0: Ball 1-0: Ball 2-0: Ground out 4-3 (Groundball, 4, EV 84.4 MPH)
|
Bottom of the 4th over - 2 runs, 3 hits, 2 errors, 2 left on base; St. Petersburg 3 - Virginia Beach 6 |
TOP OF THE 5TH |
St. Petersburg Thunder batting - Pitching for Virginia Beach Whales : LHP Mark Taylor
|
Batting: RHB Gene Blanton
|
0-0: Ball 1-0: Foul Ball, location: 2F 1-1: Foul Ball, location: 2F 1-2: Strikes out looking
|
Batting: RHB Patrício Gerardes
|
0-0: Ball 1-0: Called Strike 1-1: Ground out 5-3 (Groundball, 56, EV 106.2 MPH)
|
Batting: RHB Curtis Tiger
|
0-0: Ball 1-0: Ball 2-0: Called Strike 2-1: Ball 3-1: Base on Balls
|
Batting: LHB Caspar Fewings
|
0-0: Foul Ball, location: 2F 0-1: Ball 1-1: Called Strike 1-2: Ball 2-2: Ball 3-2: DOUBLE (Flyball, 78XD, EV 95.6 MPH) Curtis Tiger to third Curtis Tiger scores
|
Pitching: RHP Phil Britt
|
|
Batting: SHB Fernando Urby
|
0-0: Foul Ball, location: 2F 0-1: Swinging Strike 0-2: Strikes out swinging, 2-3 out at first.
|
Top of the 5th over - 1 run, 1 hit, 0 errors, 1 left on base; St. Petersburg 4 - Virginia Beach 6 |
BOTTOM OF THE 5TH |
Virginia Beach Whales batting - Pitching for St. Petersburg Thunder : RHP Jyotibhasin Kodi
|
Batting: RHB Todd Walker
|
0-0: Called Strike 0-1: Fly out, F4 (Line Drive, 4, EV 64.4 MPH)
|
Batting: RHB Paul Pitts
|
0-0: Ball 1-0: SINGLE (Groundball, 34D, EV 100.6 MPH)
|
Batting: LHB Asberry Harpending
|
0-0: Called Strike Paul Pitts is caught stealing 2nd base 2-6 0-1: Called Strike 0-2: Ball 1-2: Ball 2-2: Ball 3-2: Base on Balls
|
Batting: RHB Juan Oleastro
|
0-0: SINGLE (Groundball, 6MD, EV 98.8 MPH) Asberry Harpending to second
|
Batting: RHB Roberto González
|
0-0: Ball 1-0: Fly out, F7 (Flyball, 7, EV 93.1 MPH)
|
Bottom of the 5th over - 0 runs, 2 hits, 0 errors, 2 left on base; St. Petersburg 4 - Virginia Beach 6 |
TOP OF THE 6TH |
St. Petersburg Thunder batting - Pitching for Virginia Beach Whales : RHP Phil Britt
|
Batting: RHB David Filmer
|
0-0: Ball 1-0: Called Strike 1-1: Ground out 6-3 (Groundball, 6, EV 105.6 MPH)
|
Batting: RHB Jim Rigsby
|
0-0: Foul Ball, location: 2F 0-1: Ball 1-1: Ball 2-1: Ball 3-1: SINGLE (Groundball, 5D, EV 100.0 MPH)
|
Batting: LHB Lorenzo Ortíz
|
0-0: SINGLE (Line Drive, 6D, EV 94.4 MPH) Jim Rigsby to second Jim Rigsby to third
|
Batting: SHB Leonard Davis
|
0-0: Ball Wild Pitch! Jim Rigsby scores Lorenzo Ortíz to second 1-0: Foul Ball, location: 2F 1-1: Ball 2-1: Foul Ball, location: 2F 2-2: Strikes out swinging
|
Batting: RHB Gene Blanton
|
0-0: Ball 1-0: Ball 2-0: Ball 3-0: Foul Ball, location: 2F 3-1: Foul Ball, location: 2F 3-2: Base on Balls
|
Batting: RHB Patrício Gerardes
|
0-0: Swinging Strike 0-1: Ball 1-1: Ball 2-1: Called Strike 2-2: Foul Ball, location: 2F 2-2: Ball 3-2: Strikes out swinging
|
Top of the 6th over - 1 run, 2 hits, 0 errors, 2 left on base; St. Petersburg 5 - Virginia Beach 6 |
BOTTOM OF THE 6TH |
Virginia Beach Whales batting - Pitching for St. Petersburg Thunder : RHP Jyotibhasin Kodi
|
Batting: RHB Nick Harper
|
0-0: Ball 1-0: Called Strike 1-1: Ball 2-1: Foul Ball, location: 2F 2-2: Foul Ball, location: 2F 2-2: SINGLE (Groundball, 15S, EV 67.5 MPH) (infield hit)
|
Batting: RHB Jessie Gibbs
|
0-0: Ball 1-0: Bunt - Flyout to 13! F1
|
Batting: RHB Daniel MacKinder
|
0-0: Called Strike 0-1: Swinging Strike 0-2: Strikes out looking
|
Batting: RHB Óscar Cardozo
|
0-0: Ball 1-0: Called Strike 1-1: Ball 2-1: Fly out, F9 (Line Drive, 9D, EV 91.2 MPH)
|
Bottom of the 6th over - 0 runs, 1 hit, 0 errors, 1 left on base; St. Petersburg 5 - Virginia Beach 6 |
TOP OF THE 7TH |
St. Petersburg Thunder batting - Pitching for Virginia Beach Whales : RHP Phil Britt
|
Batting: RHB Curtis Tiger
|
0-0: Called Strike 0-1: Ball 1-1: Ball 2-1: Foul Ball, location: 2F 2-2: SINGLE (Flyball, 78M, EV 93.1 MPH)
|
Pitching: LHP Calvin Blackburn
|
|
Batting: LHB Caspar Fewings
|
0-0: Called Strike 0-1: Ball 1-1: Foul Ball, location: 2F 1-2: Strikes out swinging
|
Batting: SHB Fernando Urby
|
0-0: Ball 1-0: Foul Ball, location: 2F 1-1: Ball 2-1: Ball 3-1: Called Strike 3-2: Foul Ball, location: 2F 3-2: SINGLE (Groundball, 34D, EV 95.6 MPH) Curtis Tiger to second Runner from 2nd tries for 3rd, SAFE, throw by RF made to third
|
Batting: RHB David Filmer
|
0-0: Ball 1-0: Called Strike 1-1: Foul Ball, location: 2F 1-2: Strikes out looking
|
Batting: RHB Jim Rigsby
|
0-0: Ball 1-0: Ball 2-0: Ball 3-0: Called Strike 3-1: Foul Ball, location: 2F 3-2: Strikes out swinging
|
Top of the 7th over - 0 runs, 2 hits, 0 errors, 2 left on base; St. Petersburg 5 - Virginia Beach 6 |
BOTTOM OF THE 7TH |
Virginia Beach Whales batting - Pitching for St. Petersburg Thunder : RHP Jyotibhasin Kodi
|
Batting: RHB Todd Walker
|
0-0: Called Strike 0-1: Ball 1-1: Ball 2-1: Fly out, F9 (Flyball, 9S, EV 81.9 MPH)
|
Batting: RHB Paul Pitts
|
0-0: Ball 1-0: Ball 2-0: Ground out 1-3 (Groundball, 25, EV 82.5 MPH)
|
Batting: LHB Asberry Harpending
|
0-0: Ball 1-0: Foul Ball, location: 2F 1-1: Swinging Strike 1-2: SINGLE (Flyball, 7LS, EV 95.0 MPH)
|
Pitching: RHP Charlie Bottari
|
|
Batting: RHB Juan Oleastro
|
0-0: Foul Ball, location: 2F 0-1: Fielders Choice at 2nd, 6-4 (Groundball, 6, EV 98.8 MPH)
|
Bottom of the 7th over - 0 runs, 1 hit, 0 errors, 1 left on base; St. Petersburg 5 - Virginia Beach 6 |
TOP OF THE 8TH |
St. Petersburg Thunder batting - Pitching for Virginia Beach Whales : LHP Calvin Blackburn
|
Batting: LHB Lorenzo Ortíz
|
0-0: Ball 1-0: Called Strike 1-1: Ball 2-1: Hit by Pitch
|
Pitching: RHP Patrick Le Gall
|
|
Batting: SHB Leonard Davis
|
0-0: Ball 1-0: Ball 2-0: Ball 3-0: Base on Balls Lorenzo Ortíz to second
|
Batting: RHB Gene Blanton
|
0-0: Fielders Choice at 2nd, 3-6 (Groundball, 34S, EV 78.1 MPH) Lorenzo Ortíz to third
|
Batting: RHB Patrício Gerardes
|
0-0: Ball 1-0: SINGLE (Groundball, 56, EV 88.1 MPH) (infield hit) Lorenzo Ortíz scores Gene Blanton to second
|
Batting: RHB Curtis Tiger
|
0-0: Fly out, F8 (Flyball, 8RM, EV 83.8 MPH)
|
Batting: LHB Caspar Fewings
|
0-0: Ball 1-0: Ball 2-0: Called Strike 2-1: Foul Ball, location: 2F 2-2: Foul Ball, location: 2F 2-2: Ball 3-2: SINGLE (Line Drive, 6M, EV 98.8 MPH) Gene Blanton to third Patrício Gerardes to second Gene Blanton scores Patrício Gerardes to third
|
Batting: SHB Fernando Urby
|
Pickoff Throw to First - Out! 1-3
|
Top of the 8th over - 2 runs, 2 hits, 0 errors, 1 left on base; St. Petersburg 7 - Virginia Beach 6 |
BOTTOM OF THE 8TH |
Virginia Beach Whales batting - Pitching for St. Petersburg Thunder : RHP Charlie Bottari
|
Batting: RHB Roberto González
|
0-0: Called Strike 0-1: Ball 1-1: Foul Ball, location: 2F 1-2: Ball 2-2: Ground out 4-3 (Groundball, 4, EV 89.4 MPH)
|
Batting: RHB Nick Harper
|
0-0: Ball 1-0: SINGLE (Groundball, 4MD, EV 102.5 MPH)
|
Batting: RHB Jessie Gibbs
|
0-0: Foul Ball, location: 2F 0-1: Ball 1-1: Ball 2-1: Ball 3-1: Foul Ball, location: 2F 3-2: Fly out, F3 (Popup, 3F, EV 80.0 MPH)
|
Batting: RHB Daniel MacKinder
|
0-0: Ball 1-0: Swinging Strike 1-1: Ball 2-1: Ground out 4-3 (Groundball, 4, EV 87.5 MPH)
|
Bottom of the 8th over - 0 runs, 1 hit, 0 errors, 1 left on base; St. Petersburg 7 - Virginia Beach 6 |
TOP OF THE 9TH |
St. Petersburg Thunder batting - Pitching for Virginia Beach Whales : RHP Patrick Le Gall
|
Batting: SHB Fernando Urby
|
0-0: Ball 1-0: Ball 2-0: Called Strike 2-1: Called Strike 2-2: Foul Ball, location: 2F 2-2: Ball 3-2: Ground out 6-3 (Groundball, 56, EV 110.6 MPH)
|
Batting: RHB David Filmer
|
0-0: Called Strike 0-1: Ball 1-1: Foul Ball, location: 2F 1-2: Ground out 4-3 (Groundball, 4S, EV 81.9 MPH)
|
Batting: RHB Jim Rigsby
|
0-0: Ball 1-0: Ball 2-0: Ground out 6-3 (Groundball, 6D, EV 108.1 MPH)
|
Top of the 9th over - 0 runs, 0 hits, 0 errors, 0 left on base; St. Petersburg 7 - Virginia Beach 6 |
BOTTOM OF THE 9TH |
Virginia Beach Whales batting - Pitching for St. Petersburg Thunder : RHP Charlie Bottari
|
Pitching: LHP Benny Berry
|
|
Batting: RHB Óscar Cardozo
|
0-0: Swinging Strike 0-1: Ball 1-1: Foul Ball, location: 2F 1-2: Foul Ball, location: 2F 1-2: Fly out, F8 (Flyball, 8LD, EV 97.5 MPH)
|
Batting: RHB Todd Walker
|
0-0: Ball 1-0: Foul Ball, location: 2F 1-1: Swinging Strike 1-2: Strikes out swinging
|
Batting: RHB Paul Pitts
|
0-0: Ball 1-0: Ball 2-0: Ball 3-0: Base on Balls
|
Pinch Hitting: RHB Dan Pike
|
0-0: Called Strike 0-1: Ball 1-1: Ball 2-1: Ball 3-1: Base on Balls Paul Pitts to second
|
Batting: RHB Juan Oleastro
|
0-0: Called Strike 0-1: Foul Ball, location: 2F 0-2: Ball 1-2: SINGLE (Line Drive, 56D, EV 102.5 MPH) Paul Pitts to third Dan Pike to second Runner from 3rd tries for Home, SAFE, throw by LF to home
|
Batting: RHB Roberto González
|
0-0: SINGLE (Groundball, 6MD, EV 108.8 MPH) Dan Pike to third Juan Oleastro to second
|
Batting: RHB Nick Harper
|
0-0: Ground out 1-3 (Groundball, 34S, EV 91.2 MPH)
|
Bottom of the 9th over - 1 run, 2 hits, 0 errors, 3 left on base; St. Petersburg 7 - Virginia Beach 7 |
TOP OF THE 10TH |
St. Petersburg Thunder batting - Pitching for Virginia Beach Whales : RHP Patrick Le Gall
|
Pitching: RHP Martin Rumbolt
|
|
Now at C: Dan Pike
|
|
Batting: LHB Lorenzo Ortíz
|
0-0: Ball 1-0: Called Strike 1-1: Ball 2-1: Foul Ball, location: 2F 2-2: Fly out, F9 (Flyball, 9S, EV 92.5 MPH)
|
Batting: SHB Leonard Davis
|
0-0: Called Strike 0-1: Ball 1-1: DOUBLE (Groundball, 3L, EV 101.9 MPH)
|
Batting: RHB Gene Blanton
|
0-0: Ball 1-0: Ball 2-0: Called Strike 2-1: Called Strike 2-2: Ground out 4-3 (Groundball, 4, EV 103.8 MPH) Leonard Davis to third
|
Batting: RHB Patrício Gerardes
|
0-0: Intentional Walk
|
Batting: RHB Curtis Tiger
|
0-0: Ball 1-0: SINGLE (Flyball, 8RS, EV 83.1 MPH) Leonard Davis scores Patrício Gerardes to second
|
Batting: LHB Caspar Fewings
|
0-0: Foul Ball, location: 2F 0-1: SINGLE (Line Drive, 78S, EV 94.4 MPH) Patrício Gerardes to third Curtis Tiger to second Runner from 3rd tries for Home, SAFE, throw by LF to home
|
Batting: SHB Fernando Urby
|
0-0: Swinging Strike 0-1: Foul Ball, location: 2F 0-2: 3-RUN HOME RUN (Flyball, 7LD, EV 91.9 MPH), Distance : 356 ft
|
Pitching: RHP Javier Iturburua
|
|
Batting: RHB David Filmer
|
0-0: Swinging Strike 0-1: Swinging Strike 0-2: Ball 1-2: Foul Ball, location: 2F 1-2: Ball 2-2: Strikes out swinging, 2-3 out at first.
|
Top of the 10th over - 5 runs, 4 hits, 0 errors, 0 left on base; St. Petersburg 12 - Virginia Beach 7 |
BOTTOM OF THE 10TH |
Virginia Beach Whales batting - Pitching for St. Petersburg Thunder : LHP Benny Berry
|
Pitching: RHP César Castillo
|
|
Now at 1B: António Hierro
|
|
Batting: RHB Jessie Gibbs
|
0-0: Called Strike 0-1: Ball 1-1: Ball 2-1: Foul Ball, location: 2F 2-2: Ball 3-2: Fly out, F3 (Popup, 3SF, EV 81.2 MPH)
|
Batting: RHB Daniel MacKinder
|
0-0: Ball 1-0: Called Strike 1-1: Ball 2-1: SINGLE (Flyball, 8LS, EV 93.8 MPH)
|
Batting: RHB Óscar Cardozo
|
0-0: Ball 1-0: Ball 2-0: Foul Ball, location: 2F 2-1: Foul Ball, location: 2F 2-2: Strikes out swinging
|
Batting: RHB Todd Walker
|
0-0: Ball 1-0: Ball 2-0: Called Strike 2-1: Ball 3-1: Called Strike 3-2: Strikes out swinging
|
Bottom of the 10th over - 0 runs, 1 hit, 0 errors, 1 left on base; St. Petersburg 12 - Virginia Beach 7 |
|